 Dungeon Crawl Stone Soup version 0.18-a0-1577-gf591c28 (webtiles) character file.

15 Sixotanaka the Ruffian (level 2, -1/20 HPs)
             Began as a Demigod Wanderer on Mar 17, 2016.
             Slain by a quokka (3 damage)
             ... on level 2 of the Dungeon.
             The game lasted 00:03:11 (1448 turns).

Sixotanaka the Ruffian (Demigod Wanderer)           Turns: 1448, Time: 00:03:11

Health: -1/20      AC:  2    Str: 15    XL:     2   Next: 21%
Magic:  5/5        EV: 11    Int: 18    God:
Gold:   14         SH:  0    Dex: 13    Spells: 0 memorised, 3 levels left

rFire  . . .     SeeInvis .     e - +0 club
rCold  . . .     Gourm    .     d - +0 robe
rNeg   . . .     Faith    .     (no shield)
rPois  .         Spirit   .     (no helmet)
rElec  .         Dismiss  .     (no cloak)
rCorr  .         Reflect  .     (no gloves)
SustAt +         Harm     .     (no boots)
MR     .....                    (no amulet)
Stlth  +.........               (no ring)
                                (no ring)

@: not resistant to hostile enchantments, very unstealthy
A: high mp 1, sustain attributes
a: no special abilities


You were on level 2 of the Dungeon.
You were not hungry.

You visited 1 branch of the dungeon, and saw 2 of its levels.

You collected 14 gold pieces.


Innate Abilities, Weirdness & Mutations

You have an increased reservoir of magic (+10% MP).
Your attributes are resistant to harm.


   Skills:
 - Level 1.0 Throwing
   Level 1.0 Shields
 + Level 1.8 Unarmed Combat
 - Level 1.0 Spellcasting
   Level 1.7 Conjurations
   Level 1.0 Summonings
   Level 1.7 Ice Magic
   Level 1.7 Poison Magic


You had 3 spell levels left.
You didn't know any spells.

Dungeon Overview and Level Annotations

Branches:
Dungeon (2/15)

Inventory:

Hand Weapons
 e - a +0 club (weapon)
Missiles
 i - 4 stones (quivered)
Armour
 d - a +0 robe (worn)
Scrolls
 g - a scroll of magic mapping {unknown}
 h - 2 scrolls of identify {unknown}
Books
 a - a book of Frost
 b - the Compendium of the Mountains

   Spells                             Type                      Level
   a - Sandblast                      Earth                        1
   b - Passwall                       Transmutation/Earth          2
 c - Qiribi's Reference Book on Battle Magic

   Spells                             Type                      Level
   a - Magic Dart                     Conjuration                  1
   b - Searing Ray                    Conjuration                  2

### .....##### ######
#...@r##########.....
#####.....w...†......
############..<..
#..... #..... #.....
#..... #..... #.....


You could see a worm and a quokka.


Message History

The goblin misses you.
You hit the goblin but do no damage. The goblin completely misses you.
You closely miss the goblin. The goblin barely misses you.
You closely miss the goblin. The goblin hits you with a club.
You closely miss the goblin. The goblin completely misses you.
You closely miss the goblin. The goblin closely misses you.
You barely miss the goblin. The goblin barely misses you.
The goblin hits you but does no damage.
You hit the goblin but do no damage. The goblin closely misses you.
You closely miss the goblin. The goblin barely misses you.
You hit the goblin but do no damage. The goblin barely misses you.
You barely miss the goblin. The goblin completely misses you.
You hit the goblin. The goblin completely misses you.
The goblin barely misses you.
You closely miss the goblin. The goblin closely misses you.
You barely miss the goblin. The goblin hits you but does no damage.
You barely miss the goblin. The goblin hits you but does no damage.
You barely miss the goblin. The goblin hits you with a club.
You hit the goblin.
You kill the goblin!
You closely miss the gnoll. The gnoll barely misses you. x2
You hit the gnoll. The gnoll hits you.
* * * LOW HITPOINT WARNING * * *
Okay, then.
You don't know any spells.
You see here a kobold skeleton.
You enter the shallow water.
Moving in this stuff is going to be slow.
The gnoll barely misses you.
You enter the shallow water.
Moving in this stuff is going to be slow.
The gnoll hits you.
* * * LOW HITPOINT WARNING * * *
Things that are here:
a club; a scale mail; 8 gold pieces You are near starving!
You see here 16 arrows.
You see here a short sword.
Found a stone staircase leading down.
There is a stone staircase leading down here.
You climb downwards.
A giant newt, a quokka and a worm come into view.
Found 7 gold pieces and a scale mail.
There is a stone staircase leading up here.
Unknown command.
The giant newt barely misses you.
Eat which item? (? for menu, Esc to quit)
The giant newt bites you but does no damage.
You continue eating.
The giant newt closely misses you.
You continue eating.
The giant newt misses you.
You finish eating.
That bread ration really hit the spot!
You miss the giant newt.
The giant newt bites you but does no damage.
You barely miss the giant newt.
The giant newt bites you but does no damage.
You miss the giant newt. The giant newt closely misses you.
You hit the giant newt.
You kill the giant newt!
The quokka misses you.
You hit the quokka. The quokka bites you.
* * * LOW HITPOINT WARNING * * *
You hit the quokka but do no damage. The quokka bites you.
* * * LOW HITPOINT WARNING * * *
The quokka bites you.
* * * LOW HITPOINT WARNING * * *
The quokka closely misses you. The quokka bites you.
You die...

Action                   || total
-------------------------++-------
Melee: Club              ||    83
Throw: Stone             ||     1
  Eat: Bread ration      ||     1

Vault maps used:
D:1:      dpeg_arrival_arbitrary_b, serial_bayou_pond_b
D:2:      nicolae_overflow_crystal_walls, nicolae_overflow_hidden_temple

Notes
Turn   | Place    | Note
--------------------------------------------------------------
     0 | D:1      | Sixotanaka the Demigod Wanderer began the quest for the Orb.
     0 | D:1      | Sixotanaka set off with: a book of Frost, the Compendium of the Mountains, Qiribi's Reference Book on Battle Magic, a +0 robe, a +0 club, a bread ration
     0 | D:1      | Reached XP level 1. HP: 14/14 MP: 4/4
   124 | D:1      | Reached skill level 1 in Unarmed Combat
   656 | D:1      | Reached XP level 2. HP: 5/20 MP: 5/5
   911 | D:1      | HP: 5/20 [kobold (2)]
  1338 | D:1      | Identified the Compendium of the Mountains
  1338 | D:1      | Identified Qiribi's Reference Book on Battle Magic
  1439 | D:2      | HP: 4/20 [quokka (5)]
  1448 | D:2      | Slain by a quokka

Vanquished Creatures
  A dart slug (D:1)
  2 goblins (D:1)
  3 hobgoblins (D:1)
  2 giant newts
  3 kobolds (D:1)
  A rat (D:1)
12 creatures vanquished.
